Map: Oiseau de foudre EC

Players

REDemption

  • Race: Protoss Protoss
  • League: Master
  • Spawn Location: 11:00

zuka - Winner!

  • Race: Protoss Protoss
  • League: Master
  • Spawn Location: 5:00

VOD

Have the link to the VOD?

Description

Time

  • Played on: May 25, 2019, 4:21 p.m.
  • Length: 8:54
Show
View Real Time Build Order
Export as new Build Order

REDemption Protoss 

Build Orders:  

Get SALT Encoding   

  12  0:00  Probe  
  13  0:13  Probe  
  14  0:17  Pylon  
  14  0:25  Probe  
  15  0:34  Probe  
  15  0:38  Gateway  
  15  0:42  Probe  
  16  0:44  Assimilator  
  17  0:51  Probe  
  18  0:57  Assimilator  
  18  1:03  Probe  
  19  1:13  Gateway  
  19  1:15  Probe  
  20  1:27  Probe  
  20  1:28  Cybernetics Core  
  21  1:38  Pylon  
  21  1:39  Probe  
  22  1:45  Warp Gate  
  22  1:51  Probe  
  23  2:04  Probe, Stalker x2  
  28  2:13  Pylon  
  28  2:23  Pylon  
  28  2:32  Gateway  
  28  2:40  Stalker  
  30  2:44  Stalker  
  32  2:55  Shield Battery  
  32  3:10  Shield Battery  
  32  3:34  Stalker x3  
  32  3:39  Pylon  
  38  3:55  Stalker  
  36  3:58  Stalker x2  
  36  4:00  Shield Battery  
  40  4:12  Robotics Facility  
  40  4:31  Pylon  
  40  4:35  Stalker x3  
  46  4:49  Shield Battery  
  45  5:01  Observer  
  45  5:03  Robotics Bay  
  45  5:05  Sentry  
  48  5:18  Pylon  
  48  5:27  Gateway  
  48  5:30  Pylon  
  48  5:40  Disruptor  
  48  5:55  Observer  
  51  6:01  Observer  
  51  6:03  Nexus  
  51  6:09  Disruptor  
  53  6:38  Pylon  
  53  6:41  Warp Prism  
  53  6:43  Stalker x2  
  53  6:46  Stalker  
  61  7:00  Probe  
  62  7:09  Disruptor  
  62  7:13  Probe  
  66  7:23  Stalker x2  
  70  7:37  Probe  
  70  7:38  Probe  
  70  7:40  Observer  
  70  7:44  Stalker  
  74  7:49  Probe  
  76  7:54  Disruptor  
  79  8:11  Stalker x2  
  79  8:20  Probe  
  64  8:41  Zealot x3  
Show
View Real Time Build Order
Export as new Build Order

zuka Protoss - Winner!

Build Orders: Chargelot Immortal 

Get SALT Encoding   

  12  0:00  Probe  
  13  0:13  Probe  
  14  0:17  Pylon  
  14  0:21  Probe  
  15  0:31  Probe  
  16  0:37  Gateway  
  16  0:42  Probe  
  16  0:46  Assimilator  
  17  0:54  Probe  
  17  0:55  Assimilator  
  18  1:05  Probe  
  18  1:10  Gateway  
  19  1:14  Probe  
  20  1:22  Probe  
  20  1:24  Cybernetics Core  
  20  1:32  Probe  
  21  1:37  Pylon  
  22  1:44  Probe  
  23  1:51  Warp Gate  
  23  1:56  Probe  
  23  2:00  Stalker  
  23  2:01  Sentry  
  28  2:14  Pylon  
  28  2:22  Pylon  
  28  2:27  Stalker  
  30  2:32  Stalker  
  32  2:42  Robotics Facility  
  31  2:48  Pylon  
  31  2:59  Stalker  
  31  3:02  Stalker  
  35  3:13  Shield Battery  
  35  3:19  Immortal  
  35  3:25  Shield Battery  
  39  3:46  Stalker x2  
  43  4:00  Immortal  
  47  4:08  Pylon  
  47  4:36  Stalker  
  49  4:56  Probe  
  49  4:59  Nexus  
  49  5:04  Probe  
  49  5:06  Warp Prism  
  50  5:07  Forge  
  53  5:23  Probe  
  54  5:29  Pylon  
  54  5:35  Probe  
  55  5:47  Probe  
  56  5:52  Twilight Council  
  56  5:59  Probe  
  56  6:03  Observer  
  57  6:10  Protoss Ground Weapons Level 1  
  57  6:11  Probe, Gateway  
  58  6:16  Immortal, Probe  
  60  6:24  Charge  
  64  6:42  Adept x2  
  68  6:49  Probe x2  
  70  7:01  Probe x2  
  70  7:07  Gateway  
  72  7:13  Probe  
  70  7:17  Immortal  
  70  7:22  Assimilator  
  69  7:24  Assimilator  
  69  7:26  Pylon  
  73  7:31  Templar Archives  
  73  7:43  Zealot  
  75  7:45  Pylon  
  75  7:47  Adept x2  
  79  7:59  Gateway  
  79  8:09  Zealot x4  
  85  8:31  Pylon  
  85  8:34  Pylon  
  69  8:44  Zealot x3  
  69  8:45  Zealot  
Tags
 
Add a new tag
Caveats
  • Supply blocks, unpowered buildings, or Contaminate may cause inaccurate times.
  • Supply counts are checked every 10 seconds.